 Dungeon Crawl Stone Soup version 0.30-a0-862-g1aabd4f9c5 (webtiles) character file.

Game seed: 2802691916024119512

553 holysushi the Shooter (level 7, -1/46 HPs)
             Began as an Octopode Monk on Mar 9, 2023.
             Slain by a gnoll
             ... wielding a +0 spear
             ... led by a gnoll bouda
              (5 damage)
             ... on level 4 of the Dungeon.
             The game lasted 00:02:41 (2183 turns).

holysushi the Shooter (Octopode Monk)               Turns: 2183, Time: 00:02:42

Health: -1/46      AC:  1    Str: 16    XL:     7   Next: 29%
Magic:  7/7        EV: 14    Int: 10    God:
Gold:   177        SH:  0    Dex: 19    Spells: 6/6 levels left

rFire   . . .      SeeInvis +    k - +5 sling of Shrieking Terror {drain, rCorr Int-2 Dex+2 SInv}
rCold   . . .      Faith    .    (no shield)
rNeg    . . .      Spirit   .    (helmet restricted)
rPois   .          Reflect  .    f - amulet of regeneration
rElec   .          Rampage  .    r - +6 ring of strength
rCorr   +                        (no ring)
Will    .....                    (no ring)
Stlth   ++                       (no ring)
HPRegen 1.07/turn                (no ring)
MPRegen 0.10/turn                (no ring)
                                 (no ring)
                                 (no ring)

@: confused, ambrosia-drunk
A: almost no armour, amphibious, 8 rings, camouflage 1, gelatinous body 1,
(nimble swimmer 1), tentacles
a: no special abilities


You were on level 4 of the Dungeon.
You visited 1 branch of the dungeon, and saw 4 of its levels.

You collected 177 gold pieces.

Inventory:

Hand Weapons
 a - a +0 short sword
 i - a +0 rapier
 k - the +5 sling of Shrieking Terror (weapon) {drain, rCorr Int-2 Dex+2 SInv}
   (You found it on level 2 of the Dungeon)

   Int:       It affects your intelligence (-2).
   Dex:       It affects your dexterity (+2).
   SInv:      It lets you see invisible.
   rCorr:     It protects you from acid and corrosion.
 q - a +1 dagger of speed
Jewellery
 f - an amulet of regeneration (around mantle)
 r - a +6 ring of strength (left tentacle)
Scrolls
 d - 3 scrolls of noise
 g - a scroll of enchant weapon
 j - a scroll of summoning {unknown}
 l - a scroll of identify
 m - a scroll of amnesia {unknown}
 t - a scroll of blinking {unknown}
 u - a scroll of fog {unknown}
Potions
 c - 2 potions of attraction {unknown}
 e - 5 potions of curing
 h - 2 potions of mutation {unknown}
 n - 2 potions of might {unknown}
 o - a potion of haste {unknown}
 p - a potion of flight {unknown}
 s - a potion of lignification {unknown}
 v - a potion of magic {unknown}


   Skills:
 - Level 3.0 Fighting
 - Level 4.0 Short Blades
 + Level 6.9 Ranged Weapons
 - Level 3.0 Dodging
 - Level 2.6 Stealth


You had 6 spell levels left.
You didn't know any spells.
Your spell library contained the following spells:

 Spells                   Type           Power      Damage    Failure   Level
 Magic Dart               Conj           0%         1d3       36%         1
 Call Imp                 Summ           0%         N/A       50%         2
 Mephitic Cloud           Conj/Pois/Air  0%         N/A       75%         3
 Tukima's Dance           Hex            0%         N/A       75%         3
 Passage of Golubria      Tloc           0%         N/A       98%         4
 Yara's Violent Unravell  Hex/Tmut       0%         3d3       100%        5


Dungeon Overview and Level Annotations

Branches:
Dungeon (4/15) Zot: 21797
 Temple: D:4-7

Altars:
Vehumet


Innate Abilities, Weirdness & Mutations

You cannot wear most types of armour.
You are amphibious.
You can wear up to eight rings at the same time.
Your skin changes colour to match your surroundings (Stealth+).
Your rubbery body absorbs attacks. (AC +1, EV +1)
((You are camouflaged when in or above water. (Stealth+)))
You have tentacles for arms and can constrict up to eight enemies at once.


Message History

The gnoll bouda is severely wounded.
The gnoll closely misses you. The gnoll barely misses you.
The gnoll bouda calls upon its god to heal the gnoll.
The gnoll is healed somewhat.
You shoot a sling bullet.
The sling bullet completely misses the gnoll bouda.
The sling bullet hits the gnoll.
You drain the gnoll.
The gnoll is heavily wounded.
The gnoll hits you with a +0 whip. The gnoll completely misses you.
The gnoll hits you with a +0 flail!
The gnoll bouda hits you with a +0 whip.
The gnoll attacks as you move away! The gnoll hits you with a +0 flail.
The gnoll bouda attacks as you move away!
The gnoll bouda closely misses you.
You shoot a sling bullet. The sling bullet hits the gnoll bouda.
You drain the gnoll bouda.
You kill the gnoll bouda!
The gnoll hits you from afar with a +0 spear.
The gnoll attacks as you move away! The gnoll closely misses you.
Okay, then.
Okay, then.
As you read the scroll labelled PESALO DOAGU, it crumbles to dust.
You hear a loud clanging noise!
It was a scroll of noise.
The gnoll hits you with a +0 whip!
The gnoll hits you from afar with a +0 spear.
The gnoll closely misses you.
As you read the scroll labelled PYUPSI YL NUSH, it crumbles to dust.
It is a scroll of identify.
g - a scroll of enchant weapon The gnoll hits you with a +0 whip.
The gnoll hits you from afar with a +0 spear.
* * * LOW HITPOINT WARNING * * *
The gnoll hits you with a +0 flail.
* * * LOW HITPOINT WARNING * * *
Okay, then.
You are confused.
You feel invigorated. The gnoll hits you with a +0 whip!
* * * LOW HITPOINT WARNING * * *
The gnoll hits you from afar with a +0 spear.
You die...

#...... #...... .......
....... .......
.......####
........g.#####
..)....).gg...######
.....?.###@........######
......#
#####..........### .....#
####.......... ....#
#####...... ...# ####...
..# #### .# # # #


You could see 3 gnolls.

Vanquished Creatures
  Grinder (D:3)
  Sigmund (D:3)
  A gnoll bouda (D:4)
  Jessica (D:2)
  A sleepcap (D:4)
  Robin (D:2)
  2 adders (D:2)
  A gnoll (D:4)
  A worm (D:4)
  4 bats
  3 endoplasms (D:1)
  7 hobgoblins
  2 jackals (D:3)
  3 quokkas
  5 ball pythons
  12 frilled lizards
  8 goblins
  8 kobolds
  9 rats
71 creatures vanquished.

Vanquished Creatures (others)
  6 plants (D:3)
6 creatures vanquished.

Grand Total: 77 creatures vanquished

Notes
Turn   | Place    | Note
-------+----------+-------------------------------------------
     0 | D:1      | holysushi the Octopode Monk began the quest for the Orb.
     0 | D:1      | Reached XP level 1. HP: 16/16 MP: 1/1
   137 | D:1      | Reached XP level 2. HP: 18/21 MP: 2/2
   841 | D:2      | Identified the +5 sling of Shrieking Terror {drain, rCorr
                  | Int-2 Dex+2 SInv}
   857 | D:2      | Reached XP level 3. HP: 26/26 MP: 3/3
   864 | D:2      | Found a radiant altar of Vehumet.
   925 | D:2      | Noticed Robin
   936 | D:2      | Reached skill level 1 in Ranged Weapons
   943 | D:2      | Killed Robin
  1023 | D:2      | Reached skill level 2 in Ranged Weapons
  1023 | D:2      | Reached XP level 4. HP: 29/31 MP: 4/4
  1122 | D:2      | Noticed Jessica
  1124 | D:2      | Killed Jessica
  1125 | D:2      | Reached skill level 3 in Ranged Weapons
  1560 | D:3      | Noticed Grinder
  1584 | D:3      | Killed Grinder
  1585 | D:3      | Reached skill level 5 in Ranged Weapons
  1585 | D:3      | Reached XP level 5. HP: 24/36 MP: 5/5
  1585 | D:3      | Reached XP level 6. HP: 28/42 MP: 6/6
  1631 | D:3      | Noticed Sigmund
  1647 | D:3      | Killed Sigmund
  1648 | D:3      | Reached skill level 6 in Ranged Weapons
  1648 | D:3      | Reached XP level 7. HP: 29/46 MP: 7/7
  2183 | D:4      | Slain by a gnoll

Illustrated notes

Levels and vault maps discovered:
D:1:      saegor_arrival_miasma, layout_basic
D:2:      layout_basic, basic_altar, minmay_tall_x, uniq_robin, uniq_jessica
D:3:      layout_loops_ring, minmay_lizard_king, uniq_grinder, uniq_sigmund
D:4:      layout_cave_pods, uniq_duvessa

Skill      XL: |  1  2  3  4  5  6 |
---------------+-------------------+-----
Short Blades   | 4 |  4.0
Ranged Weapons | 2 5 6 |  6.9
Fighting       | |  3.0
Dodging        | |  3.0
Stealth        | |  2.6

Action                     |  1- 3 |  4- 6 |  7- 9 || total
---------------------------+-------+-------+-------++-------
  Melee: Short sword       |    31 |       |       ||    31
         Constrict         |     8 |       |       ||     8
         Tentacles         |     4 |       |       ||     4
         Rapier            |    10 |       |       ||    10
   Fire: Sling             |    30 |    55 |    35 ||   120
    Use: Potion            |       |     1 |     1 ||     2
         Scroll            |       |       |     2 ||     2
   Stab: Sleeping          |     8 |       |       ||     8
 Armour: Skin              |     3 |     1 |       ||     4
  Dodge: Dodged            |    47 |    11 |    13 ||    71

Table legend: (Time is in decaauts)
 A = Elapsed time spent in this place.
 B = Non-inter-level travel time spent in this place.
 C = Inter-level travel time spent in this place.
 D = Time resting spent in this place.
 E = Time spent auto-exploring this place.
 F = Levels seen in this place.
 G = Mean time per level.
                   A        B        C        D        E       F      G
               +--------+--------+--------+--------+--------+-----+--------+
         Total |   2201 |   2120 |     81 |     43 |   1656 |   4 |  550.2 |
       Dungeon |   2201 |   2120 |     81 |     43 |   1656 |   4 |  550.2 |
               +--------+--------+--------+--------+--------+-----+--------+

Top non-repeatable levels by time:
     D:3: 770 daAuts
     D:1: 747 daAuts
     D:2: 556 daAuts
     D:4: 126 daAuts
